Workbook

Sheet HOJA DE CALCULO
B2: MESES | C2: 4
B3: POBLACIÓN ATENDIDA | C3: 8 | K3: INDICADORES
B5: CONCEPTO | C5: MES | D5: CONTRATO | F5: CONCEPTO | G5: MES | H5: CONTRATO | M5: CONCEPTO | N5: RESULTADO
B6: GASTOS DE PERSONAL | C6: =+Hoja1!B8 -> 6923500 | D6: =+Hoja1!D8 -> 27694000 | F6: =+B6 -> GASTOS DE PERSONAL | G6: =+C6 -> 6923500 | H6: =+D6 -> 27694000 | K6: INDICADORES DE LA EFICIENCIA DE LA ORGANIZACIÓN | L6: EFICIENCIA EN LA ADMINISTRACIÓN TOTAL DE PROYECTOS | M6: mayor o igual | N6: 0.7
B7: GASTOS FIJOS | C7: =SUM(C8:C13) -> 8740000 | D7: =SUM(D8:D13) -> 34960000 | F7: =+B7 -> GASTOS FIJOS | G7: =+C7 -> 8740000 | H7: =+D7 -> 34960000
B8: =+Hoja1!A13 -> ARRIENDO | C8: 1200000 | D8: =+C8*$C$2 -> 4800000 | F8: =+B14 -> GASTOS VARIOS FUNDACIÓN | G8: =+C14 -> 1445100 | H8: =+D14 -> 5780400 | L8: Gastos de implementación de los proyectos en el año
B9: =+Hoja1!A14 -> SERVICIOS PUBLICOS EPM | C9: 173000 | D9: =+C9*$C$2 -> 692000 | F9: TOTAL | G9: =SUM(G6:G8) -> 17108600 | H9: =SUM(H6:H8) -> 68434400 | L9: Total Gastos de funcionamiento de la ESAL en el año
B10: =+Hoja1!A15 -> ALIMENTACIÓN | C10: 2000000 | D10: =+C10*$C$2 -> 8000000 | L10: EFICACIA QUE INCLUYA LAS CONTRIBUCIONES DEL SECTOR PRIVADO | M10: Menor o igual o indeterminado | N10: 2
B11: =+Hoja1!A16 -> INTERNET | C11: 16000 | D11: =+C11*$C$2 -> 64000 | F11: VALOR CUPO
B12: =+Hoja1!A17 -> SOSTENIMIENTO PLANTA FÍSICA | C12: 351000 | D12: =+C12*$C$2 -> 1404000 | F12: CONCEPTO | G12: MES/ PERSONA | H12: MES POBLACIÓN ATENDIDA | I12: COSTO TOTAL CONTRATO | L12: Total gastos de funcionamiento de la ESAL en el año
B13: =+Hoja1!A18 -> NOMINA | C13: 5000000 | D13: =+C13*$C$2 -> 20000000 | F13: =+F6 -> GASTOS DE PERSONAL | G13: =+G6/$C$3 -> 865437.5 | H13: =+G13*$C$3 -> 6923500 | I13: =+H13*$C$2 -> 27694000 | L13: Total de contribuciones del sector privado en el año
B14: GASTOS VARIOS FUNDACIÓN | C14: =SUM(C15:C19) -> 1445100 | D14: =SUM(D15:D19) -> 5780400 | F14: =+F7 -> GASTOS FIJOS | G14: =+G7/$C$3 -> 1092500 | H14: =+G14*$C$3 -> 8740000 | I14: =+H14*$C$2 -> 34960000 | K14: INDICADORES DE LA ORGANIZACIÓN | L14: NIVEL DE ENDEUDAMIENTO | M14: Menor o igual | N14: 0.6
B15: =+Hoja1!A30 -> EN PAPELERIA | C15: 280100 | D15: =+C15*$C$2 -> 1120400 | F15: =+F8 -> GASTOS VARIOS FUNDACIÓN | G15: =+G8/$C$3 -> 180637.5 | H15: =+G15*$C$3 -> 1445100 | I15: =+H15*$C$2 -> 5780400 | L15: Pasivo Total / Activo Total
B16: =+Hoja1!A31 -> MENSAJERIA | C16: 200000 | D16: =+C16*$C$2 -> 800000 | F16: =+F9 -> TOTAL | G16: =SUM(G13:G15) -> 2138575 | H16: =SUM(H13:H15) -> 17108600 | I16: =SUM(I13:I15) -> 68434400 | L16: Mide la proporción de deuda que soporta la entidad frente a sus recursos propios.
B17: =+Hoja1!A32 -> ACOMPAÑAMIENTO A CITAS | C17: 500000 | D17: =+C17*$C$2 -> 2000000 | L17: LIQUIDEZ | M17: Mayor a | N17: 1
B18: =+Hoja1!A33 -> UTILES DE ASEO | C18: 305000 | D18: =+C18*$C$2 -> 1220000 | L18: Activo Corriente/ Pasivo Corriente
B19: =+Hoja1!A34 -> BARBERIA | C19: 160000 | D19: =+C19*$C$2 -> 640000 | F19: CONCEPTO | G19: VALOR | H19: % | L19: Mide la capacidad de la Entidad en cumplir sus obligaciones financieras o deudas a corto plazo.
F20: APORTE MUNICIPIO | G20: =+I16*H20 -> 61590960 | H20: 0.9
F21: APORTE ASOCIADO | G21: =+I16*H21 -> 6843440 | H21: 0.1 | K21: Estos indicadores deben ser debidamente certificado por revisor fiscal si se tiene o e su defecto contador público, mediante certificación anexa a los documentos contractuales
F22: TOTAL | G22: =SUM(G20:G21) -> 68434400 | H22: =+G22/$G$22 -> 1
B25: CONCETPTO | C25: FECHA INICIO | D25: FECHA FINAL | F25: CONCEPTO | G25: VALOR POR DÍA
B26: PLAZO | C26: 46266 | D26: 46387 | F26: VALOR CUPO/ DÍA | G26: =ROUND(G16/30,0) -> 71286
B27: Calendarío | C27: =DAYS(D26,C26)+1 -> 122 | F27: APORTE MUNICIPIO | G27: =ROUND(G26*H20,0) -> 64157
B28: Contable | C28: =DAYS360(C26,D26)+1 -> 121 | F28: APORTE ASOCIADO | G28: =ROUND(G26*H21,0) -> 7129
C31: 30 | D31: 1
C32: =+C28 -> 121 | D32: =(C32*D31)/C31 -> 4.0333333

Sheet Hoja1
A1: CONCEPTO | B1: VALOR MENSUAL | C1: MESES | D1: VALOR TOTAL | E1: FUNCIONES DEL CARGO | F1: PROMEDIO VISITAS | G1: PORCETANJE SERVICIO PRESTADO A COPACABANA
A2: HONORARIOS AUXILIAR DE ENFERMERÍA | B2: 2000000 | C2: =+'HOJA DE CALCULO'!$C$2 -> 4 | D2: =+B2*C2 -> 8000000 | E2: Adminitración de medicamentos, citas medicas, actualizacion base de datos medicos de los usuarios. | F2: 4 días por semana | G2: 0.5
A3: HONORARIOS PERSONAL MANIPULACIÓN DE ALIMENTOS | B3: 1000000 | C3: =+'HOJA DE CALCULO'!$C$2 -> 4 | D3: =+B3*C3 -> 4000000 | E3: Organización, control e inventariosde la minuta alimenticia diaria, Vigilancia y asesoramienso en higuiene. | F3: 4 días por semana | G3: 0.5
A4: HONORARIOS EDUCADOR | B4: 1423500 | C4: =+'HOJA DE CALCULO'!$C$2 -> 4 | D4: =+B4*C4 -> 5694000 | E4: Acompañamiento en el diario vivir de los usuarios, talleres educativos en prevencion del consumo de sustancias psicoactivas, actividades artisticas y manualidades. Controlar y vigilar el cumplimiento de las normas para una sana convivencia dentro de la fundacón | F4: Diario | G4: 0.5
A5: HONORARIOS TRABAJADORA SOCIAL | B5: 2500000 | C5: =+'HOJA DE CALCULO'!$C$2 -> 4 | D5: =+B5*C5 -> 10000000 | E5: Talleres y actividades educativas sobre las habilidades sociales, reinserción social, red de apoyo y proyecto de vida para los usuarios de la fundación. Seguimiento a la red de apoyo de los usuarios. | F5: 4 días por semana | G5: 0.7
A6: HONORARIOS CONTADOR | B6: 1423500 | C6: =+'HOJA DE CALCULO'!$C$2 -> 4 | D6: =+B6*C6 -> 5694000 | E6: Registro contable de las transacciones económicas, responsable de la presentación de impuestos y obligaciones tributarias, envío de nómina electrónica, renovación cámara de comercio, elaboración de estados financieros | F6: 1 día al mes | G6: 0.5
A7: HONORARIOS REVISORIA FISCAL | B7: 200000 | C7: =+'HOJA DE CALCULO'!$C$2 -> 4 | D7: =+B7*C7 -> 800000 | E7: Auditar y dictaminar estados financieros e informes contables, emisión de certificados de aportes a la seguridad social | F7: 3 veces al año | G7: 0.5
A8: TOTAL | B8: =SUM(B2:B5) -> 6923500 | C8: =+'HOJA DE CALCULO'!$C$2 -> 4 | D8: =SUM(D2:D5) -> 27694000
A12: GASTOS FIJOS FUNDACIÓN | B12: VALOR MENSUAL | C12: MESES | D12: VALOR TOTAL
A13: ARRIENDO | B13: 1200000 | C13: =+C8 -> 4 | D13: =+B13*C13 -> 4800000
A14: SERVICIOS PUBLICOS EPM | B14: 173000 | C14: =+C13 -> 4 | D14: =+B14*C14 -> 692000
A15: ALIMENTACIÓN | B15: 2000000 | C15: =+C14 -> 4 | D15: =+B15*C15 -> 8000000
A16: INTERNET | B16: 16000 | C16: =+C15 -> 4 | D16: =+B16*C16 -> 64000
A17: SOSTENIMIENTO PLANTA FÍSICA | B17: 451000 | C17: =+C16 -> 4 | D17: =+B17*C17 -> 1804000
A18: NOMINA | B18: 5000000 | C18: =+C17 -> 4 | D18: =+B18*C18 -> 20000000
A19: TOTAL | B19: =SUM(B13:B18) -> 8840000 | C19: =+C18 -> 4 | D19: =SUM(D13:D18) -> 35360000
A22: GASTOS VARIOS FUNDACIÓN | B22: VALOR MENSUAL | C22: MESES | D22: VALOR TOTAL
A23: PAPELERIA | B23: 280100 | C23: =+C19 -> 4 | D23: =+B23*C23 -> 1120400
A24: MENSAJERIA | B24: 200000 | C24: =+C23 -> 4 | D24: =+B24*C24 -> 800000
A25: ACOMPAÑAMIENTO A CITAS | B25: 500000 | C25: =+C24 -> 4 | D25: =+B25*C25 -> 2000000
A26: UTILES DE ASEO | B26: 305000 | C26: =+C25 -> 4 | D26: =+B26*C26 -> 1220000
A27: BARBERIA | B27: 160000 | C27: =+C26 -> 4 | D27: =+B27*C27 -> 640000
D28: =SUM(D23:D27) -> 5780400
A30: EN PAPELERIA | B30: 0.6 | E30: 15 | F30: =+E30/E32 -> 0.625
A31: MENSAJERIA | B31: 0.7 | E31: 9 | F31: =+E31/E32 -> 0.375
A32: ACOMPAÑAMIENTO A CITAS | B32: 0.8 | E32: =+E30+E31 -> 24
A33: UTILES DE ASEO | B33: 1
A34: BARBERIA | B34: 0.6
